 Dungeon Sprint DCSS version 0.22-a0-135-g6f012ad (webtiles) character file.

2514 Faca the Unseen (level 9, -4/59 HPs)
             Began as a Vampire Enchanter on Jan 31, 2018.
             Was an Elder of Uskayaw.
             Slain by a black mamba (5 damage)
             ... in the Dungeon (Sprint IX: "|||||||||||||||||||||||||||||").
             The game lasted 00:04:53 (1176 turns).

Faca the Unseen (Vampire Enchanter)                 Turns: 1176, Time: 00:04:53

Health: -4/59      AC: 10    Str:  7    XL:     9   Next: 29%
Magic:  14/14      EV: 12    Int: 21    God:    Uskayaw [****..]
Gold:   0          SH:  0    Dex: 17    Spells: 13/14 levels left

rFire    . . .     SeeInvis +   n - +2 rapier (venom)
rCold    + . .     Gourm    .   (no shield)
rNeg     + + .     Faith    .   p - +2 ring mail
rPois    +         Spirit   .   (no helmet)
rElec    .         Reflect  .   o - +0 cloak
rCorr    .         Harm     .   (no gloves)
MR       .....     NoTele   +   (no boots)
Stlth    ++++++++..             (no amulet)
HPRegen  0.09/turn              r - +2 ring of protection
MPRegen  0.14/turn              q - +3 ring of intelligence

@: regenerating slowly
A: fangs 3, see invisible, unbreathing
a: Bat Form, Stomp, Line Pass, Renounce Religion


You were in the Dungeon.
You worshipped Uskayaw.
Uskayaw was noncommittal.
You were thirsty.

You visited 1 branch

Inventory:

Hand Weapons
 a - a +1 dagger
 n - a +2 rapier of venom (weapon)
Armour
 b - a +0 robe
 o - a +0 cloak (worn)
 p - a +2 ring mail (worn)
Jewellery
 q - a +3 ring of intelligence (right hand)
 r - a +2 ring of protection (left hand)
Wands
 m - a wand of acid (10)
Scrolls
 j - 3 scrolls of blinking
 k - 6 scrolls of remove curse
 l - 2 scrolls of amnesia
 t - 2 scrolls of identify
Potions
 d - 5 potions of blood
 e - 6 potions of curing
 f - 5 potions of heal wounds
 g - 3 potions of haste
 h - 4 potions of magic
 i - a potion of invisibility
 s - 2 potions of agility
Books
 c - a book of Maledictions

   Spells                             Type                      Level
   a - Corona                         Hexes                        1
   b - Ensorcelled Hibernation        Hexes/Ice                    2
   c - Confuse                        Hexes                        3
   d - Tukima's Dance                 Hexes                        3
   e - Dazzling Spray                 Conjuration/Hexes            3


   Skills:
 - Level 1.2 Fighting
 + Level 14.7 Short Blades
 - Level 4.5 Dodging
 + Level 20.5 Stealth
 - Level 3.3 Spellcasting
 - Level 8.2 Hexes


You had 13 spell levels left.
You knew the following spells:

 Your Spells              Type           Power        Failure   Level  Hunger
a - Corona                Hex            #####..      1%          1    None


Dungeon Overview and Level Annotations

Branches:
Dungeon (1/1)

Altars:
Cheibriados
Dithmenos
Elyvilon
Fedhas
Gozag
Hepliaklqana
Kikubaaqudgha
Makhleb
Nemelex Xobeh
Okawaru
Qazlal
Ru
Sif Muna
Trog
Uskayaw
Vehumet
Wu Jian
Xom
Yredelemnul
Zin
The Shining One
Beogh
Jiyva
Lugonu


Innate Abilities, Weirdness & Mutations

You heal slowly.
You have razor-sharp teeth.
You have supernaturally acute eyesight. (SInv)
You can survive without breathing.


Message History

The helpless eight-headed hydra fails to defend itself.
You bite the eight-headed hydra, and draw its blood!
You feel better.
You feel slightly less thirsty.
You stick the eight-headed hydra like a pincushion!!!!!
You kill the eight-headed hydra!
Your Short Blades skill increases to level 14!
Your Stealth skill increases to level 20!
You have reached level 9!
Your experience leads to an increase in your attributes!
Your base attributes are Str 7, Int 18, Dex 16.
Increase (S)trength, (I)ntelligence, or (D)exterity?
You feel agile.
Uskayaw will force your foes to share their pain.
Uskayaw links your audience in an emotional bond!
The black mamba is no longer paralysed.
The yak is no longer paralysed.
The hippogriff is no longer paralysed.
The wolf is no longer paralysed.
The crocodile is no longer paralysed.
The black mamba bites you!
* * * LOW HITPOINT WARNING * * *
The black mamba bites you.
You die...

▓▓▓▓▓▓▓▓▓▓▓▓▓▓▓▓▓▓▓▓▓▓▓▓▓▓▓▓▓▓▓▓▓
..')....')....'__________________
▓▓▓▓▓▓▓▓▓▓▓▓▓▓▓▓▓▓▓▓▓▓▓▓▓▓▓▓▓▓▓▓▓
.................................
▓▓▓▓▓▓▓▓▓▓▓▓▓▓▓▓▓▓▓▓▓▓▓▓▓▓▓▓▓▓▓▓▓
.....'.....(.(..@SYHht....t
▓▓▓▓▓▓▓▓▓▓▓▓▓▓▓▓▓▓▓▓▓▓▓▓▓▓▓


You could see a hippogriff, a black mamba, a yak, a crocodile and a wolf.

Vanquished Creatures
  A hydra (D)
  An ugly thing (D)
  A moth of wrath (shapeshifter) (D)
  A spiny frog (D)
  A hornet (D)
  A yak (D)
  2 sky beasts (D)
  An ogre (D)
  A big kobold (D)
  A bullfrog (D)
  A jelly (D)
  An ooze (D)
  A leopard gecko (D)
  3 orcs (D)
  3 bat skeletons (D)
  A jackal (D)
  A kobold (D)
  A frilled lizard (D)
  A rat (D)
24 creatures vanquished.

Notes
Turn   | Place    | Note
-------+----------+-------------------------------------------
     0 | D        | Faca the Vampire Enchanter began the quest for the Orb.
     0 | D        | Reached XP level 1. HP: 13/13 MP: 3/3
    11 | D        | Reached skill level 5 in Hexes
    14 | D        | Reached skill level 5 in Stealth
   242 | D        | Noticed an ogre
   246 | D        | Reached XP level 2. HP: 12/19 MP: 5/5
   258 | D        | Killed an ogre
   258 | D        | Reached skill level 1 in Fighting
   258 | D        | Reached skill level 8 in Stealth
   258 | D        | Reached XP level 3. HP: 16/26 MP: 5/7
   258 | D        | Reached XP level 4. HP: 19/32 MP: 5/8
   498 | D        | Found a roughly hewn altar of Beogh.
   498 | D        | Found a snail-covered altar of Cheibriados.
   498 | D        | Found a shadowy altar of Dithmenos.
   498 | D        | Found a white marble altar of Elyvilon.
   498 | D        | Found a blossoming altar of Fedhas.
   498 | D        | Found an opulent altar of Gozag.
   499 | D        | Found a hazy altar of Hepliaklqana.
   500 | D        | Found a viscous altar of Jiyva.
   501 | D        | Found an ancient bone altar of Kikubaaqudgha.
   502 | D        | Found a corrupted altar of Lugonu.
   503 | D        | Found a burning altar of Makhleb.
   504 | D        | Found a sparkling altar of Nemelex Xobeh.
   505 | D        | Found an iron altar of Okawaru.
   506 | D        | Found a stormy altar of Qazlal.
   507 | D        | Found a sacrificial altar of Ru.
   508 | D        | Found a deep blue altar of Sif Muna.
   509 | D        | Found a bloodstained altar of Trog.
   510 | D        | Found a hide-covered altar of Uskayaw.
   511 | D        | Found a radiant altar of Vehumet.
   512 | D        | Found an ornate altar of the Wu Jian Council.
   513 | D        | Found a shimmering altar of Xom.
   514 | D        | Found a basalt altar of Yredelemnul.
   515 | D        | Found a glowing silver altar of Zin.
   516 | D        | Found a glowing golden altar of the Shining One.
   518 | D        | Became a worshipper of Uskayaw the Reveler
   562 | D        | Noticed a sky beast
   562 | D        | Noticed a sky beast
   562 | D        | Noticed a yak
   564 | D        | Killed a sky beast
   564 | D        | Reached skill level 11 in Stealth
   564 | D        | Reached XP level 5. HP: 37/37 MP: 10/10
   564 | D        | Reached * piety under Uskayaw
   568 | D        | Reached ** piety under Uskayaw
   581 | D        | Killed a sky beast
   581 | D        | Reached skill level 12 in Stealth
   581 | D        | Reached XP level 6. HP: 29/43 MP: 11/11
   590 | D        | Reached *** piety under Uskayaw
   591 | D        | Killed a yak
   591 | D        | Reached skill level 14 in Stealth
   734 | D        | Noticed a white ugly thing
   734 | D        | Noticed a moth of wrath
   734 | D        | Noticed a hornet
   736 | D        | Killed a white ugly thing
   736 | D        | Reached skill level 16 in Stealth
   736 | D        | Reached XP level 7. HP: 48/48 MP: 12/12
   741 | D        | Killed a moth of wrath
   741 | D        | Reached skill level 17 in Stealth
   741 | D        | Reached XP level 8. HP: 36/54 MP: 13/13
   743 | D        | Reached **** piety under Uskayaw
   747 | D        | Killed a hornet
   747 | D        | Reached skill level 18 in Stealth
   747 | D        | Reached ***** piety under Uskayaw
  1159 | D        | Noticed a spiny frog
  1159 | D        | Noticed a black mamba
  1159 | D        | Noticed an eight-headed hydra
  1159 | D        | Noticed a hippogriff
  1161 | D        | Killed a spiny frog
  1161 | D        | Reached skill level 19 in Stealth
  1174 | D        | HP: 2/54 [eight-headed hydra (7)]
  1175 | D        | Killed an eight-headed hydra
  1175 | D        | Reached skill level 20 in Stealth
  1175 | D        | Reached XP level 9. HP: 11/59 MP: 14/14
  1176 | D        | Slain by a black mamba

Vault maps used:
D:        linesprint

Skill      XL: |  1  2  3  4  5  6  7  8 |
---------------+-------------------------+-----
Dodging        | 3 4 |  4.5
Hexes          | 5 8 |  8.2
Stealth        | 5 8 11 12 16 17 20 | 20.5
Fighting       | 1 |  1.2
Short Blades   | 3 6 8 11 12 14 | 14.7
Spellcasting   | 3 |  3.3

Action                   |  1- 3 |  4- 6 |  7- 9 || total
-------------------------+-------+-------+-------++-------
Melee: Dagger            |    24 |    25 |       ||    49
       Bite              |     2 |     1 |     2 ||     5
       Rapier            |       |    21 |    22 ||    43
  Use: Potion            |     1 |       |       ||     1
 Stab: Sleeping          |     1 |     5 |     1 ||     7
       Paralysed         |       |     1 |     3 ||     4
Armor: Robe              |       |     3 |       ||     3
       Ring mail         |       |     5 |     8 ||    13
Dodge: Dodged            |     9 |    22 |     9 ||    40

Table legend:
 A = Spawn XP
 B = Non-spawn XP
 C = Spawn XP percentage of total XP
 D = Spawn monster count
 E = Non-spawn monster count
 F = Spawn count percentage of total count
 G = Total turns spent on level
                    A         B        C        D         E        F      G
               +---------+---------+-------+---------+---------+-------+---------
         Total |       0 |    3592 |   0.0 |       0 |      24 |   0.0 |  1176
               +---------+---------+-------+---------+---------+-------+---------
             D |       0 |    3592 |   0.0 |       0 |      24 |   0.0 |  1176
               +---------+---------+-------+---------+---------+-------+---------
